[ AOE2 MATCH · #494291792 ]
UnrankedLithuanians vs Britons
Player's team · LOSS
Rival team · WIN
[ REPLAY ANALYSIS · EXTRACTED FROM THE RECORDED GAME ]
Feudal
9:26
Castle
19:01
Imperial
—
| APM avg | 52.6 |
| APM peak | 84 |
| eAPM avg | 22.0 |
| Villagers / military | 96 / 37 |
Focus
⚔️ 28.4% · 🌾 71.6%
Skirmisher ×19 · Archer ×9 · Cavalry Archer ×4 · Monk ×3 · Mangonel ×2
Feudal
11:30
Castle
23:10
Imperial
—
| APM avg | 50.7 |
| APM peak | 96 |
| eAPM avg | 20.1 |
| Villagers / military | 70 / 55 |
Focus
⚔️ 47.6% · 🌾 52.4%
Archer ×44 · Scout Cavalry ×5 · Militia ×3 · Mangonel ×3
Match map
Initial resources + every placement click. Lines = walls · curves = elevation contours. ◆ gold · ⬟ stone · ● berries · ✦ relic · ◌ wall gap
Your base· Open — 4t gap
ElPepe's base· Open — unwalled flank
Smoothed initial terrain · ◌ = detected wall gap · hover for details
Inputs per minute
— nlp - - ElPepe
Build order — nlp
First 150 of 222 actions detected
| 0:00 | Create | Villager (Male) |
| 0:01 | Create | Villager (Male) |
| 0:02 | Build | House |
| 0:04 | Build | House |
| 0:08 | Create | Villager (Male) |
| 0:16 | Create | Villager (Male) |
| 0:17 | Create | Villager (Male) |
| 0:25 | Create | Villager (Male) |
| 1:16 | Build | Mill |
| 1:30 | Create | Villager (Male) |
| 1:30 | Create | Villager (Male) |
| 2:19 | Create | Villager (Male) |
| 2:55 | Create | Villager (Male) |
| 2:55 | Create | Villager (Male) |
| 3:28 | Create | Villager (Male) |
| 3:30 | Create | Villager (Male) |
| 3:51 | Build | House |
| 3:58 | Create | Villager (Male) |
| 3:58 | Create | Villager (Male) |
| 4:03 | Build | Lumber Camp |
| 4:35 | Create | Villager (Male) |
| 4:35 | Create | Villager (Male) |
| 4:38 | Create | Villager (Male) |
| 4:56 | Research | Loom |
| 5:20 | Create | Villager (Male) |
| 5:47 | Create | Villager (Male) |
| 6:18 | Create | Villager (Male) |
| 6:48 | Create | Villager (Male) |
| 7:04 | Build | Lumber Camp |
| 7:16 | Research | Feudal Age |
| 7:17 | Research | Feudal Age |
| 7:47 | Build | Palisade Wall |
| 7:48 | Build | Palisade Wall |
| 7:49 | Build | Palisade Wall |
| 7:54 | Build | Palisade Wall |
| 8:06 | Build | Palisade Wall |
| 8:07 | Build | Palisade Wall |
| 8:08 | Build | Barracks |
| 8:12 | Build | Palisade Wall |
| 8:24 | Build | House |
| 8:36 | Create | Villager (Male) |
| 9:02 | Build | Palisade Wall |
| 9:26 | Age | Feudal Age |
| 9:28 | Build | Palisade Wall |
| 9:33 | Build | Archery Range |
| 9:34 | Create | Villager (Male) |
| 9:53 | Create | Villager (Male) |
| 10:10 | Build | Mining Camp |
| 10:31 | Create | Villager (Male) |
| 10:37 | Create | Archer |
| 10:39 | Build | House |
| 10:43 | Create | Villager (Male) |
| 11:16 | Create | Villager (Male) |
| 11:16 | Create | Villager (Male) |
| 11:18 | Build | Mill |
| 11:23 | Create | Archer |
| 11:44 | Create | Villager (Male) |
| 11:48 | Create | Villager (Male) |
| 12:01 | Build | House |
| 12:02 | Create | Villager (Male) |
| 12:06 | Create | Archer |
| 12:12 | Create | Villager (Male) |
| 12:18 | Build | Farm |
| 12:20 | Build | Farm |
| 12:45 | Create | Villager (Male) |
| 12:51 | Create | Archer |
| 12:51 | Create | Villager (Male) |
| 12:53 | Build | Farm |
| 13:03 | Build | House |
| 13:29 | Build | Farm |
| 13:37 | Build | Blacksmith |
| 13:40 | Build | House |
| 13:43 | Create | Archer |
| 13:58 | Create | Villager (Male) |
| 14:02 | Build | Farm |
| 14:20 | Create | Villager (Male) |
| 14:22 | Build | Farm |
| 14:38 | Create | Villager (Male) |
| 14:39 | Create | Archer |
| 14:53 | Build | Farm |
| 14:55 | Build | Farm |
| 15:24 | Create | Villager (Male) |
| 15:26 | Build | Farm |
| 15:28 | Build | Farm |
| 15:39 | Create | Archer |
| 15:50 | Create | Villager (Male) |
| 15:54 | Build | Farm |
| 15:58 | Build | House |
| 15:59 | Build | House |
| 16:08 | Create | Archer |
| 16:21 | Research | Castle Age |
| 16:49 | Create | Archer |
| 16:51 | Build | House |
| 16:54 | Research | Horse Collar |
| 16:55 | Research | Horse Collar |
| 17:07 | Research | Fletching |
| 17:14 | Create | Skirmisher |
| 17:34 | Create | Skirmisher |
| 17:46 | Create | Skirmisher |
| 17:47 | Research | Padded Archer Armor |
| 17:47 | Create | Villager (Male) |
| 17:57 | Create | Skirmisher |
| 18:07 | Create | Skirmisher |
| 18:23 | Build | House |
| 18:25 | Build | House |
| 18:30 | Build | House |
| 18:34 | Create | Skirmisher |
| 18:58 | Create | Skirmisher |
| 19:01 | Age | Castle Age |
| 19:11 | Research | Bodkin Arrow |
| 19:16 | Build | Watch Tower |
| 19:40 | Create | Skirmisher |
| 19:40 | Create | Skirmisher |
| 20:13 | Create | Villager (Male) |
| 20:20 | Create | Villager (Male) |
| 20:25 | Create | Villager (Male) |
| 20:26 | Create | Skirmisher |
| 20:26 | Create | Skirmisher |
| 20:39 | Create | Skirmisher |
| 20:41 | Create | Villager (Male) |
| 20:45 | Create | Villager (Male) |
| 20:48 | Build | Farm |
| 21:01 | Build | Mining Camp |
| 21:03 | Create | Villager (Male) |
| 21:12 | Create | Skirmisher |
| 21:25 | Build | Monastery |
| 21:47 | Create | Villager (Male) |
| 21:51 | Create | Cavalry Archer |
| 22:15 | Create | Villager (Male) |
| 22:33 | Create | Villager (Male) |
| 22:35 | Create | Villager (Male) |
| 22:51 | Create | Villager (Male) |
| 23:05 | Create | Cavalry Archer |
| 23:05 | Create | Cavalry Archer |
| 23:08 | Create | Villager (Male) |
| 23:10 | Create | Villager (Male) |
| 23:14 | Build | Town Center |
| 23:27 | Research | Elite Skirmisher (upgrade) |
| 23:27 | Research | Elite Skirmisher (upgrade) |
| 23:49 | Create | Monk |
| 23:53 | Create | Villager (Male) |
| 24:22 | Create | Villager (Male) |
| 24:25 | Research | Leather Archer Armor |
| 24:26 | Create | Villager (Male) |
| 24:26 | Create | Villager (Male) |
| 24:26 | Create | Villager (Male) |
| 24:27 | Create | Villager (Male) |
| 24:32 | Create | Villager (Male) |
| 24:35 | Build | Mining Camp |
| 24:40 | Create | Villager (Male) |
Build order — ElPepe
First 150 of 202 actions detected
| 0:00 | Create | Villager (Male) |
| 0:00 | Create | Villager (Male) |
| 0:00 | Create | Villager (Male) |
| 0:01 | Build | House |
| 0:03 | Build | House |
| 0:31 | Create | Villager (Male) |
| 1:25 | Create | Villager (Male) |
| 1:25 | Create | Villager (Male) |
| 1:41 | Create | Villager (Male) |
| 2:20 | Create | Villager (Male) |
| 2:21 | Create | Villager (Male) |
| 3:10 | Create | Villager (Male) |
| 3:13 | Build | Lumber Camp |
| 3:17 | Research | Loom |
| 3:20 | Create | Villager (Male) |
| 3:42 | Create | Villager (Male) |
| 3:52 | Create | Villager (Male) |
| 4:05 | Build | House |
| 4:10 | Create | Villager (Male) |
| 4:33 | Create | Villager (Male) |
| 5:06 | Create | Villager (Male) |
| 5:12 | Create | Villager (Male) |
| 5:44 | Create | Villager (Male) |
| 6:00 | Create | Villager (Male) |
| 6:04 | Create | Villager (Male) |
| 6:07 | Build | Barracks |
| 6:18 | Create | Villager (Male) |
| 6:46 | Create | Militia |
| 6:50 | Create | Villager (Male) |
| 6:59 | Build | Mining Camp |
| 7:23 | Build | House |
| 7:33 | Create | Militia |
| 7:54 | Create | Militia |
| 8:19 | Build | House |
| 8:39 | Build | Mill |
| 9:18 | Research | Feudal Age |
| 9:54 | Build | Mill |
| 10:28 | Create | Villager (Male) |
| 10:52 | Build | House |
| 11:30 | Age | Feudal Age |
| 11:33 | Create | Villager (Male) |
| 11:37 | Build | Archery Range |
| 11:42 | Build | Blacksmith |
| 11:45 | Build | House |
| 11:52 | Research | Man-at-Arms (upgrade) |
| 11:53 | Research | Double-Bit Axe |
| 11:54 | Create | Villager (Male) |
| 12:04 | Build | House |
| 12:19 | Create | Archer |
| 12:31 | Create | Villager (Male) |
| 12:33 | Research | Fletching |
| 12:42 | Create | Archer |
| 13:01 | Build | Palisade Wall |
| 13:08 | Create | Archer |
| 13:10 | Create | Villager (Male) |
| 13:13 | Build | Farm |
| 13:14 | Build | Farm |
| 13:16 | Build | Farm |
| 13:20 | Create | Villager (Male) |
| 13:25 | Create | Villager (Male) |
| 13:47 | Build | Archery Range |
| 13:52 | Create | Archer |
| 13:54 | Create | Villager (Male) |
| 13:56 | Research | Padded Archer Armor |
| 13:59 | Research | Town Watch |
| 14:10 | Build | House |
| 14:12 | Build | Palisade Wall |
| 14:17 | Create | Villager (Male) |
| 14:20 | Create | Archer |
| 14:29 | Create | Villager (Male) |
| 14:40 | Create | Archer |
| 14:45 | Create | Villager (Male) |
| 14:51 | Create | Archer |
| 14:54 | Build | House |
| 14:56 | Build | Palisade Wall |
| 15:14 | Create | Archer |
| 15:18 | Create | Villager (Male) |
| 15:20 | Build | Farm |
| 15:21 | Build | Farm |
| 15:29 | Create | Archer |
| 15:36 | Create | Villager (Male) |
| 15:50 | Create | Archer |
| 15:51 | Create | Villager (Male) |
| 15:59 | Build | House |
| 16:02 | Build | House |
| 16:05 | Build | Farm |
| 16:07 | Build | Farm |
| 16:09 | Build | Farm |
| 16:12 | Create | Archer |
| 16:29 | Create | Archer |
| 16:41 | Build | Watch Tower |
| 16:42 | Create | Villager (Male) |
| 16:45 | Create | Archer |
| 16:57 | Create | Villager (Male) |
| 17:03 | Build | Mining Camp |
| 17:14 | Create | Archer |
| 17:44 | Create | Archer |
| 17:44 | Create | Villager (Male) |
| 17:50 | Create | Archer |
| 18:04 | Create | Archer |
| 18:05 | Create | Villager (Male) |
| 18:13 | Build | Farm |
| 18:14 | Build | Farm |
| 18:14 | Create | Archer |
| 18:15 | Create | Archer |
| 18:24 | Create | Archer |
| 18:24 | Create | Archer |
| 18:58 | Build | Watch Tower |
| 19:01 | Create | Archer |
| 19:01 | Create | Archer |
| 19:07 | Create | Villager (Male) |
| 19:10 | Build | Farm |
| 19:13 | Build | Lumber Camp |
| 19:29 | Create | Archer |
| 19:29 | Create | Archer |
| 20:17 | Create | Archer |
| 20:18 | Create | Archer |
| 20:30 | Research | Castle Age |
| 20:33 | Build | Stable |
| 20:56 | Build | Watch Tower |
| 21:02 | Create | Archer |
| 21:02 | Create | Archer |
| 21:06 | Build | Farm |
| 21:07 | Build | Farm |
| 21:26 | Research | Scale Barding Armor |
| 21:28 | Create | Archer |
| 21:28 | Create | Archer |
| 21:30 | Research | Gold Mining |
| 21:34 | Create | Scout Cavalry |
| 21:34 | Create | Scout Cavalry |
| 22:04 | Create | Archer |
| 22:06 | Build | Farm |
| 22:14 | Create | Scout Cavalry |
| 22:18 | Build | House |
| 22:29 | Research | Forging |
| 22:31 | Create | Archer |
| 22:31 | Create | Archer |
| 22:50 | Build | House |
| 22:54 | Create | Archer |
| 23:01 | Research | Horse Collar |
| 23:08 | Create | Scout Cavalry |
| 23:10 | Age | Castle Age |
| 23:14 | Create | Villager (Male) |
| 23:37 | Create | Villager (Male) |
| 23:41 | Build | Town Center |
| 23:47 | Create | Villager (Male) |
| 24:17 | Build | House |
| 24:21 | Research | Crossbowman (upgrade) |
| 24:27 | Create | Villager (Male) |
| 24:45 | Create | Villager (Male) |
Match timeline
| 6:07 | ElPepe · first_building Barracks |
| 7:47 | nlp · wall_segment Palisade Wall x6 |
| 7:48 | nlp · wall_segment Palisade Wall x1 |
| 7:49 | nlp · wall_segment Palisade Wall x1 |
| 7:54 | nlp · wall_segment Palisade Wall x1 |
| 8:06 | nlp · wall_segment Palisade Wall x1 |
| 8:07 | nlp · wall_segment Palisade Wall x1 |
| 8:08 | nlp · first_building Barracks |
| 8:12 | nlp · wall_segment Palisade Wall x4 |
| 9:02 | nlp · wall_segment Palisade Wall x3 |
| 9:26 | nlp · age_up feudal |
| 9:28 | nlp · wall_segment Palisade Wall x5 |
| 9:33 | nlp · first_building Archery Range |
| 11:30 | ElPepe · age_up feudal |
| 11:37 | ElPepe · first_building Archery Range |
| 13:01 | ElPepe · wall_segment Palisade Wall x1 |
| 14:12 | ElPepe · wall_segment Palisade Wall x4 |
| 14:56 | ElPepe · wall_segment Palisade Wall x1 |
| 19:01 | nlp · age_up castle |
| 20:33 | ElPepe · first_building Stable |
| 21:25 | nlp · first_building Monastery |
| 23:10 | ElPepe · age_up castle |
| 26:31 | ElPepe · first_building Siege Workshop |
| 28:07 | ElPepe · first_building Castle |
| 30:14 | nlp · first_building Siege Workshop |
| 30:31 | nlp · first_building Castle |
| 31:34 | nlp · resign |
[ AI ANALYSIS · 1 CREDIT ]
What really happened in this match?
Wolo.gg analyzes every decision: build order, eco, micro, common mistakes by bracket. Personalized analysis on WhatsApp or Discord in 30 seconds.
Civ guide
Lithuanians
Perfil
nlp